 Dungeon Crawl Stone Soup version 0.31.0-32-g396128a36d (webtiles) character file.

Game seed: 8663677797101476805

141421 James the Basher (level 17, -8/91 HPs)
             Began as a Vine Stalker Fighter on Mar 10, 2024.
             Was the Champion of Makhleb.
             Mangled by a broodmother (30 damage)
             ... on level 3 of the Spider Nest.
             The game lasted 01:46:59 (26257 turns).

James the Basher (Vine Stalker Fighter)            Turns: 26257, Time: 01:47:00

Health: -8/91      AC: 32    Str: 25    XL:     17   Next: 33%
Magic:  0/28       EV: 14    Int: 10    God:    Makhleb [******]
Gold:   598        SH: 13    Dex: 22    Spells: 16/16 levels left

rFire   + . .        b - +2 demon whip (flame)
rCold   + . .        W - +0 kite shield
rNeg    . . .        R - +2 gold dragon scales
rPois   +            a - +1 helmet {SInv}
rElec   .            r - +2 cloak
rCorr   .            j - +1 pair of gloves
SInv    +            L - +1 pair of boots of Xeptoeg {Int+2}
Will    ++...        (no amulet) Stlth
                     U - +6 ring of dexterity
HPRegen 1.15/turn    p - +5 ring of evasion
MPRegen 0.21/turn

%: guardian spirit
@: studying 2 skills
A: fangs 3, regeneration 1, magic shield, antimagic bite, no potion heal 2
a: Renounce Religion, Minor Destruction, Lesser Servant of Makhleb, Major
Destruction, Greater Servant of Makhleb


You were on level 3 of the Spider Nest.
You worshipped Makhleb.
Makhleb was exalted by your worship.
You visited 5 branches of the dungeon, and saw 26 of its levels.
You visited the Abyss 1 time.
You visited 1 bazaar.

You collected 3028 gold pieces.
You spent 2430 gold pieces at shops.

Inventory:

Hand Weapons
 b - a +2 demon whip of flaming (weapon)
   (You took it off Amaemon on level 3 of the Lair of Beasts)
 H - a +0 sling
   (You found it on level 2 of the Dungeon)
 I - a +2 trident of venom
   (You took it off a gnoll sergeant on level 9 of the Dungeon)
Missiles
 n - 4 curare-tipped darts {!f}
 q - 4 atropa-tipped darts
 J - 29 boomerangs
 K - 35 poisoned darts (quivered)
 X - 5 datura-tipped darts
 Y - 9 javelins
Armour
 a - a +1 helmet of see invisible (worn)
   (You bought it in a shop in a bazaar)
 j - a +1 pair of gloves (worn)
   (You bought it in a shop in a bazaar)
 r - a +2 cloak (worn)
   (You bought it in a shop in a bazaar)
 L - the +1 pair of boots of Xeptoeg (worn) {Int+2}
   (You found it on level 5 of the Dungeon)

   Int+2:     It affects your intelligence (+2).
 R - +2 gold dragon scales (worn)
   (You bought it in a shop on level 13 of the Dungeon)
 W - a +0 kite shield (worn)
   (You took it off a gnoll sergeant on level 9 of the Dungeon)
Jewellery
 h - a ring of willpower
   (You found it on level 1 of the Dungeon)
 o - a ring of protection from cold
   (You found it on level 15 of the Dungeon)
 p - a +5 ring of evasion (right hand)
   (You found it on level 2 of the Dungeon)
 x - a ring of resist corrosion
   (You took it off a centaur on level 9 of the Dungeon)
 z - a ring of willpower
   (You found it on level 6 of the Dungeon)
 U - a +6 ring of dexterity (left hand)
   (You found it on level 8 of the Dungeon)
Wands
 d - a wand of polymorph (3)
   (You found it on level 10 of the Dungeon)
 t - a wand of flame (41)
   (You took it off Duvessa on level 7 of the Dungeon)
 v - a wand of digging (16)
   (You bought it in a shop in a bazaar)
 A - a wand of mindburst (5)
   (You found it on level 1 of the Lair of Beasts)
 C - a wand of charming (27)
   (You found it on level 6 of the Dungeon)
 V - a wand of roots (33)
   (You found it on level 5 of the Dungeon)
 Z - a wand of quicksilver (6)
   (You took it off Maurice on level 11 of the Dungeon)
Scrolls
 c - 9 scrolls of teleportation {@r4}
 e - a scroll of revelation
 l - a scroll of brand weapon
 s - 3 scrolls of immolation {!r}
 y - 2 scrolls of blinking
 G - a scroll of silence
 M - 2 scrolls of summoning
 O - 6 scrolls of fear
 Q - 3 scrolls of fog
 S - a scroll of identify {@r1}
Potions
 f - 9 potions of curing {@q1}
 g - 10 potions of mutation {!q}
 i - 2 potions of might
 k - a potion of cancellation
 m - 2 potions of enlightenment
 w - 4 potions of magic
 B - 2 potions of berserk rage
 D - 2 potions of haste {@q3}
 E - a potion of brilliance
 P - 3 potions of invisibility
 T - a potion of resistance
Miscellaneous
 u - a phial of floods
   (You found it on level 12 of the Dungeon)
 F - a tin of tremorstones (2/2)
   (You found it on level 2 of the Lair of Beasts)
 N - a phantom mirror
   (You found it on level 9 of the Dungeon)


   Skills:
 + Level 11.5 Fighting
 - Level 14.5 Maces & Flails
 * Level 12.4 Armour
 + Level 9.1 Dodging
 + Level 11.3 Shields
 + Level 14.0 Invocations


You had 16 spell levels left.
You didn't know any spells.
Your spell library contained the following spells:

 Spells                   Type           Power      Damage    Failure   Level
 Magic Dart               Conj           0%         1d3       100%        1
 Searing Ray              Conj           0%         2d4       100%        2
 Dazzling Flash           Conj/Hex       0%         N/A       100%        3
 Mephitic Cloud           Conj/Alch/Air  0%         N/A       100%        3
 Tukima's Dance           Hex            0%         N/A       100%        3
 Brom's Barrelling Bould  Conj/Erth      0%         2d3       100%        4
 Fulminant Prism          Conj/Alch      0%         3d5       100%        4
 Passage of Golubria      Tloc           0%         N/A       100%        4
 Vhi's Electric Charge    Tloc/Air       0%         N/A       100%        4
 Arcjolt                  Conj/Air       0%         1d10      100%        5
 Curse of Agony           Necr           0%         N/A       100%        5
 Fireball                 Conj/Fire      0%         3d3       100%        5
 Iskenderun's Battlesphe  Conj           0%         2d6       100%        5
 Silence                  Hex/Air        0%         N/A       100%        5
 Yara's Violent Unravell  Hex/Alch       0%         3d3       100%        5
 Conjure Ball Lightning   Conj/Air       0%         3x3d6     100%        6
 Sculpt Simulacrum        Ice/Alch       0%         N/A       100%        6
 Haunt                    Necr/Summ      0%         N/A       100%        7
 Orb of Destruction       Conj           0%         9d5       100%        7
 Ozocubu's Refrigeration  Ice            0%         4d7       100%        7
 Borgnjor's Revivificati  Necr           0%         N/A       100%        8
 Maxwell's Capacitive Co  Air            0%         ∞         100%        8
 Death's Door             Necr           0%         N/A       100%        9
 Polar Vortex             Ice            0%         N/A       100%        9


Dungeon Overview and Level Annotations

Branches:
Dungeon (15/15)            Temple (1/1) D:7            Lair (5/5) D:10
 Shoals (0/4) Lair:2       Spider (3/4) Lair:3        Slime (0/5) Lair:5
    Orc (2/2) D:9             Elf (0/3) Orc:2        Vaults (0/5) D:14
 Depths (0/4) D:15

Altars:
Ashenzari
Cheibriados
Dithmenos
Elyvilon
Fedhas
Gozag
Hepliaklqana
Kikubaaqudgha
Makhleb
Nemelex Xobeh
Okawaru
Qazlal
Ru
Sif Muna
Trog
Uskayaw
Vehumet
Wu Jian
Xom
Yredelemnul
Zin
The Shining One

Shops:
D:12 :   D:13 [   Orc:2 !*?=[

Portals:
Pandemonium: Orc:2
Trove: D:12 (give +6 demon blade)


Innate Abilities, Weirdness & Mutations

You have razor-sharp teeth.
Your natural rate of healing is unusually fast.
When hurt, damage is shared between your health and your magic reserves.
Your bite disrupts and absorbs the magic of your enemies.
Potions cannot restore your health.


Message History

You block the entropy weaver's attack. x3
The entropy weaver hits you but does no damage.
The broodmother summons spiders!
You hit the entropy weaver but do no damage.
Your bite misses the entropy weaver. The entropy weaver hits you.
The entropy weaver hits you but does no damage.
The entropy weaver hits you! You block the entropy weaver's attack.
You barely miss the entropy weaver.
You bite the entropy weaver, but do no damage.
The orb spider spins a strand of pure energy.
You thrash the entropy weaver!! You burn the entropy weaver.
You bite the entropy weaver, but do no damage.
The entropy weaver hits you but does no damage.
The entropy weaver misses you. You block the entropy weaver's attack.
The entropy weaver hits you!
The broodmother bites you but does no damage.
The moth of wrath's fur bristles in rage as it notices you.
You thrash the entropy weaver!! You burn the entropy weaver.
You kill the entropy weaver!
Makhleb accepts your kill.
You feel better. The broodmother bites you!
A spider bursts forth from the wound!
You barely miss the broodmother.
You bite the broodmother, but do no damage.
The orb spider weaves a glowing orb of energy.
You block the orb of destruction.
The jumping spider leaps!
You barely miss the broodmother.
You bite the broodmother, but do no damage.
You block the broodmother's attack.
You hit the broodmother but do no damage.
You bite the broodmother. You drain its power.
You feel invigorated. The wolf spider closely misses you.
You block the wolf spider's attack.
The moth of wrath goads the broodmother on!
The broodmother goes berserk!
The broodmother bites you!!!
A spider bursts forth from the wound!
You whack the broodmother! You burn the broodmother. The wolf spider hits you!
* * * LOW HITPOINT WARNING * * *
You block the wolf spider's attack. The broodmother bites you!!!
* * * LOW HITPOINT WARNING * * *
The jumping spider leaps! x2
The jumping spider completely misses you.
The jumping spider bites you but does no damage.
The orb spider pulsates with a strange energy.
You block the jumping spider's attack. x2; You block the broodmother's attack.
The jumping spider leaps!
Your magical effects are unravelling.
You feel magically purged.
You are no longer corroded.
The broodmother bites you!!!
You die...

.........######......#
#.........# #..>..>.#
###.^.....# #)......#
#.#^.....^#####....^.#
..###....##.# ##...>.#
...#^^.###^.## #.....#
...#####.....###.....#
..............#####..#
...........#.###@.#..#
#####.###########ss..#
#...###^.## #.....^##
#....#...^####.y.y..^#
#........###.....s...#
...........#.........#
..#.###...?##....○...#
..### #....##.=)#....#
..# #..#.^...##....#


You could see a broodmother (berserk), a moth of wrath, an orb spider (summoned,
charged) and a jumping spider (summoned).

Vanquished Creatures
  Jorgrun (Spider:1)
  A lich (Abyss:2)
  Gastronok (D:11)
  4 emperor scorpions
  A broodmother (Spider:1)
  A stone giant (D:15)
  Nessos (D:15)
  Josephine (D:13)
  Fannar (D:12)
  An ice dragon (D:14)
  4 entropy weavers
  7 hydras
  2 ogre magi
  A rakshasa (D:15)
  3 centaur warriors
  3 demonspawn (Orc:2)
  3 radroaches
  3 catoblepae
  7 two-headed ogres
  8 death yaks
  7 boulder beetles
  A deep troll shaman (Lair:5)
  6 tengu warriors
  3 demonic crawlers (Spider:2)
  3 orc high priests (Orc:2)
  2 soul eaters (Orc:2)
  Sonja (D:13)
  Amaemon (Lair:3)
  8 pharaoh ants
  Lodul (D:12)
  3 skeletal warriors (D:10)
  2 large abominations (Abyss:2)
  3 orb spiders (Spider:1)
  A lindwurm (Lair:5)
  4 steelbarb worms
  5 deep elf pyromancers
  3 sun moths
  4 orc knights
  A harpy (shapeshifter) (D:14)
  9 orc sorcerers
  15 ugly things
  Maurice (D:11)
  A manticore (D:15)
  2 moths of wrath (Spider:2)
  11 wolf spiders
  3 kobold blastminers (Orc:2)
  3 cyclopes
  An orange demon (Lair:2)
  8 elephants
  A smoke demon (Abyss:2)
  6 black mambas
  3 torpor snails
  4 rime drakes
  9 cane toads
  A kobold demonologist (D:8)
  3 gargoyles
  An efreet (D:8)
  An ice devil (Orc:2)
  10 komodo dragons
  9 trolls
  2 polar bears (Lair:2)
  A hornet (shapeshifter) (D:14)
  11 blink frogs
  2 hornets
  4 tarantellas
  A snapping turtle (Lair:2)
  4 dream sheep (Lair:5)
  An air elemental (Abyss:2)
  10 slime creatures
  18 jumping spiders
  2 wyverns
  11 culicivoras
  2 small abominations (Abyss:2)
  A water elemental (Lair:1)
  A vampire (D:12)
  7 wraiths
  A fire bat (D:5)
  60 yaks
  2 wargs (Orc:2)
  4 basilisks
  5 steam dragons
  11 vampire mosquitoes
  21 redbacks
  4 acid dragons
  Edmund (D:5)
  2 chaos spawn
  16 water moccasins
  Duvessa (D:7)
  34 orc warriors
  An ice beast (D:6)
  4 black bears
  3 sky beasts
  13 wolves
  2 laughing skulls (D:13)
  6 centaurs
  11 ogres
  2 phantoms
  3 kobold brigands (D:9)
  16 bullfrogs
  2 gnoll sergeants (D:9)
  7 scorpions
  8 wights
  Dowan (D:7)
  23 killer bees
  2 electric eels
  6 howler monkeys
  A bombardier beetle (D:7)
  A jelly (D:8)
  32 orc priests
  A gnoll bouda (D:7)
  2 hounds
  3 iguanas
  An iron imp (Abyss:2)
  A sleepcap (D:7)
  Terence (D:2)
  20 orc wizards
  Robin (D:1)
  7 gnolls
  2 adders
  A shadow imp (D:6)
  2 ufetubi (D:7)
  A dart slug (D:4)
  A ribbon worm (D:4)
  73 orcs
  4 ball pythons
  7 endoplasms
  6 giant cockroaches
  14 goblins
  10 hobgoblins
  4 jackals (D:3)
  10 kobolds
  3 quokkas
  5 bats
  3 rats
  A butterfly (Lair:3)
783 creatures vanquished.

Vanquished Creatures (collateral kills)
  A wolf spider (Spider:2)
  A torpor snail (Spider:2)
2 creatures vanquished.

Vanquished Creatures (others)
  A howler monkey (D:13)
  A butterfly (Lair:2)
2 creatures vanquished.

Grand Total: 787 creatures vanquished

Notes
Turn   | Place    | Note
-------+----------+-------------------------------------------
     0 | D:1      | James the Vine Stalker Fighter began the quest for the Orb.
     0 | D:1      | Reached XP level 1. HP: 11/11 MP: 2/2
   329 | D:1      | Reached XP level 2. HP: 16/16 MP: 3/3
   784 | D:2      | Noticed Robin
   928 | D:2      | Noticed Terence
   937 | D:2      | Killed Terence
   938 | D:2      | Reached XP level 3. HP: 9/19 MP: 2/4
  1001 | D:2      | Reached XP level 4. HP: 22/23 MP: 5/5
  1064 | D:1      | Killed Robin
  1324 | D:2      | You fall into a shaft and drop 2 floors!
  1562 | D:2      | Reached XP level 5. HP: 27/27 MP: 6/6
  2103 | D:4      | Reached skill level 5 in Maces & Flails
  2470 | D:3      | Reached XP level 6. HP: 32/32 MP: 5/7
  2822 | D:5      | Entered Level 5 of the Dungeon
  2822 | D:5      | Noticed Edmund
  3000 | D:5      | Found a burning altar of Makhleb.
  3000 | D:5      | Noticed a sky beast
  3013 | D:5      | Killed a sky beast
  3014 | D:5      | Reached XP level 7. HP: 35/35 MP: 8/8
  3030 | D:5      | Became a worshipper of Makhleb the Destroyer
  3367 | D:5      | Found a shimmering blue altar of Sif Muna.
  3379 | D:5      | Identified the +1 pair of boots of Xeptoeg {Int+2}
  3476 | D:5      | Killed Edmund
  3511 | D:5      | Found a shimmering altar of Xom.
  3511 | D:5      | Noticed a fire bat
  3529 | D:5      | Killed a fire bat
  3530 | D:5      | Gained mutation: You have razor-sharp teeth. [Vine Stalker
                  | growth]
  3530 | D:5      | Reached XP level 8. HP: 39/39 MP: 9/9
  4263 | D:6      | Reached XP level 9. HP: 45/45 MP: 10/10
  4791 | D:7      | Noticed Dowan
  4791 | D:7      | Noticed Duvessa
  4913 | D:7      | Killed Dowan
  5087 | D:7      | Killed Duvessa
  5087 | D:7      | Reached * piety under Makhleb
  5203 | D:7      | Found a staircase to the Ecumenical Temple.
  5208 | Temple   | Entered the Ecumenical Temple
  5390 | D:8      | Reached skill level 10 in Maces & Flails
  5509 | D:8      | Noticed a hornet
  5512 | D:8      | Found a snail-covered altar of Cheibriados.
  5730 | D:8      | Noticed an efreet
  5737 | D:8      | Noticed a kobold demonologist
  5748 | D:8      | Killed a kobold demonologist
  5749 | D:8      | Reached skill level 5 in Fighting
  5753 | D:8      | Reached skill level 5 in Shields
  5753 | D:8      | Reached XP level 10. HP: 50/51 MP: 11/11
  5763 | D:8      | Reached skill level 1 in Invocations
  6232 | D:8      | Found a sparkling altar of Nemelex Xobeh.
  6236 | D:8      | Found a stormy altar of Qazlal.
  6240 | D:8      | Found a blossoming altar of Fedhas.
  6312 | D:9      | Reached skill level 5 in Armour
  6320 | D:9      | Reached ** piety under Makhleb
  6613 | D:9      | Found a staircase to the Orcish Mines.
  6757 | D:9      | Reached XP level 11. HP: 56/56 MP: 12/14
  7401 | D:9      | Noticed a two-headed ogre
  7410 | D:9      | Killed a two-headed ogre
  7850 | D:10     | Entered Level 10 of the Dungeon
  7906 | D:10     | Reached *** piety under Makhleb
  8121 | D:10     | Reached skill level 5 in Invocations
  8133 | D:10     | Noticed a two-headed ogre
  8136 | D:10     | Noticed a two-headed ogre
  8154 | D:10     | Killed a two-headed ogre
  8208 | D:10     | Found a staircase to the Lair.
  8235 | D:10     | Killed a two-headed ogre
  8416 | D:10     | Reached XP level 12. HP: 61/63 MP: 15/17
  8968 | D:11     | Noticed Gastronok
  9192 | D:11     | Noticed a boulder beetle
  9207 | D:11     | Killed a boulder beetle
  9771 | D:11     | Noticed Maurice
  9777 | D:11     | Maurice stole a phantom mirror
  9785 | D:11     | Killed Maurice
  9871 | D:11     | Reached **** piety under Makhleb
 10281 | Lair:1   | Entered Level 1 of the Lair of Beasts
 11048 | Lair:1   | Reached XP level 13. HP: 69/69 MP: 17/19
 11591 | Lair:2   | Found a staircase to the Shoals.
 11940 | Lair:2   | Reached ***** piety under Makhleb
 12327 | Lair:3   | Noticed Amaemon
 12372 | Lair:3   | Killed Amaemon
 12554 | Lair:3   | Found a hole to the Spider Nest.
 13468 | Lair:3   | Identified a scroll of acquirement
 13468 | Lair:3   | Acquired a manual of Dodging
 13622 | Lair:4   | Reached skill level 1 in Dodging
 13929 | Lair:4   | Reached XP level 14. HP: 72/75 MP: 21/21
 14504 | Lair:5   | Entered Level 5 of the Lair of Beasts
 15405 | Lair:5   | Reached skill level 10 in Invocations
 15797 | Lair:5   | Found a staircase to the Slime Pits.
 16044 | D:12     | Found a stormy altar of Qazlal.
 16077 | D:12     | Found a portal to a secret trove of treasure.
 16435 | D:12     | Reached skill level 10 in Fighting
 16443 | D:12     | Found Pairewk's Tiny Tomes.
 16543 | D:12     | Noticed Lodul
 16556 | D:12     | Killed Lodul
 16564 | D:12     | Reached skill level 5 in Dodging
 16565 | D:12     | Reached ****** piety under Makhleb
 16863 | D:12     | Noticed Fannar
 16879 | D:12     | Killed Fannar
 16950 | D:11     | Killed Gastronok
 17016 | Orc:1    | Entered Level 1 of the Orcish Mines
 17186 | D:9      | Reached XP level 15. HP: 80/80 MP: 24/24
 17338 | Orc:1    | Found a burning altar of Makhleb.
 17444 | Orc:2    | Entered Level 2 of the Orcish Mines
 17458 | Orc:2    | Found a flickering gateway to a bazaar.
 17476 | Bazaar   | Entered a bazaar
 17494 | Bazaar   | Found Cetufakh's Armour Shop.
 17507 | Bazaar   | Found Joh Zall's General Store.
 17507 | Bazaar   | Found Farudeafa's Book Shop.
 17533 | Bazaar   | Found Jyfuahivve's Assorted Antiques.
 17568 | Bazaar   | Bought a +1 helmet of see invisible for 165 gold pieces
 17568 | Bazaar   | Bought a scroll of fear for 40 gold pieces
 17592 | Bazaar   | Bought a +1 pair of gloves for 172 gold pieces
 17592 | Bazaar   | Bought a +2 cloak for 247 gold pieces
 17619 | Bazaar   | Bought a bone wand for 56 gold pieces
 17619 | Bazaar   | Bought a wand of digging (5) for 294 gold pieces
 18416 | Orc:2    | Found a staircase to the Elven Halls.
 18449 | Orc:2    | Found Waps's Magic Scroll Boutique.
 18624 | Orc:2    | Found Giask's Distillery.
 18676 | Orc:2    | Found Nisylif's General Store.
 19318 | Orc:2    | Found Qifeh's Jewellery Boutique.
 19318 | Orc:2    | Found Tecloaggu's Antique Armour Shop.
 19319 | Orc:2    | Found a one-way gate leading to the halls of Pandemonium.
 19589 | D:13     | Noticed Sonja
 19594 | Abyss:2  | Found a corrupted altar of Lugonu.
 19594 | Abyss:2  | Cast into level 2 of the Abyss (Sonja)
 19821 | Abyss:2  | Found a corrupted altar of Lugonu.
 19839 | Abyss:2  | Noticed a lich
 19845 | Abyss:2  | Paralysed by an air elemental for 1 turns
 19856 | Abyss:2  | Killed a lich
 19881 | D:13     | Escaped the Abyss
 19894 | D:13     | Killed Sonja
 20037 | D:13     | Noticed Josephine
 20057 | D:13     | Killed Josephine
 20433 | D:13     | Found Erlang Shen's Dragon-Slaying Spoils.
 20471 | D:13     | Bought +0 gold dragon scales for 1040 gold pieces
 20788 | D:14     | Reached skill level 10 in Armour
 20908 | D:14     | Found a gate to the Vaults.
 21091 | D:14     | Reached XP level 16. HP: 87/87 MP: 21/26
 21219 | D:14     | Reached skill level 10 in Shields
 21537 | D:14     | Found a sacrificial altar of Ru.
 21746 | D:15     | Entered Level 15 of the Dungeon
 21875 | D:15     | Found a broken altar of Ashenzari.
 22124 | D:15     | Noticed Nessos
 22131 | D:15     | Found a staircase to the Depths.
 22138 | D:15     | Killed Nessos
 22149 | D:15     | HP: 3/87 [stone giant/large rock (15)]
 22255 | D:15     | Identified the +5 rapier of the Tortured God {holy, rPois
                  | Int+5 Stlth+}
 22674 | Orc:2    | Bought a potion of magic for 80 gold pieces
 22674 | Orc:2    | Bought a potion of haste for 100 gold pieces
 22676 | Orc:2    | Bought a scroll of identify for 26 gold pieces
 22680 | Orc:2    | Bought a potion of enlightenment for 50 gold pieces
 22680 | Orc:2    | Bought a potion of cancellation for 80 gold pieces
 22680 | Orc:2    | Bought a potion of cancellation for 80 gold pieces
 22809 | Spider:1 | Entered Level 1 of the Spider Nest
 23481 | Spider:1 | Noticed Jorgrun
 23503 | Spider:1 | Killed Jorgrun
 24134 | Spider:2 | HP: 1/87 [entropy weaver (5)]
 24777 | Spider:2 | Reached XP level 17. HP: 68/91 MP: 18/28
 26257 | Spider:3 | Mangled by a broodmother

Illustrated notes

Levels and vault maps discovered:
D:1:      minmay_arrival_doors, layout_basic, chequers_big_river,
          minmay_misc_feat_four_crosses
D:2:      layout_rooms, minmay_worlds_worst_comb, uniq_robin, uniq_terence
D:3:      layout_rooms
D:4:      layout_basic
D:5:      layout_rooms, nicolae_sif_muna_condensation, regret_index_xom_of_box,
          old_standard_altar, uniq_edmund
D:6:      layout_cave_pods, chequers_serial_rivers_micro_b
D:7:      layout_rooms, temple_doors_e, uniq_duvessa
D:8:      layout_loops_cross, lemuel_tele_altar, grunt_temple_overflow_diamond,
          nrook_mini_backslash, minmay_three_doors
D:9:      minmay_the_grid_octo_tiled_squarecenter
          [minmay_the_grid_octo_fan_narrow, minmay_the_grid_octo_thin_diamonds,
          minmay_the_grid_octo_fat_diamond, minmay_the_grid_octo_focus,
          minmay_the_grid_square_5x5_megaprize_hollow,
          minmay_the_grid_square_5x5_inset, minmay_the_grid_square_5x5_inner_i,
          minmay_the_grid_square_5x5_mess, minmay_the_grid_square_5x5_forky],
          layout_long_grid, orc_0_dummy, dk_noncrumbling_2,
          kennysheep_generic_room_4
D:10:     layout_loops_corners, due_lair_maze_entry_diamond
D:11:     layout_gridville, serial_park_tiny_2, uniq_gastronok, uniq_maurice
D:12:     layout_roguey, nicolae_trove_entry_isolated, drop_trap,
          nicolae_shop_i_like_small_books_too, nicolae_qazlal_general_emergency,
          uniq_lodul, uniq_fannar
D:13:     layout_cross, nicolae_shop_dragon_depot, uniq_josephine, uniq_sonja
D:14:     minmay_four_partial_circles, layout_stronghold, david_vaults_2,
          nicolae_ru_sacrificial_ziggurat
D:15:     grunt_enter_depths_snipers, layout_loops_ring,
          ashenzari_conservatory_becter, amcnicky_mini_rare_corridor_liquid,
          uniq_nessos
Temple:   regret_index_temple_waves
Lair:1:   layout_gridlike, serial_bayou_ford_a, grunt_megastairs_2
Lair:2:   layout_long_grid, minmay_shoals_entry_hut, lemuel_fruit_fields
Lair:3:   nzn_winding_woodlands_small [nzn_winding_woodlands_5x15_split_checker,
          nzn_winding_woodlands_center_lodge,
          nzn_winding_woodlands_5x15_zeroes], layout_hall_layers,
          nicolae_spider_entry_lesser_pyramids, lemuel_fruit_fields,
          uniq_amaemon
Lair:4:   layout_regular_city
Lair:5:   grunt_lair_end_beastmaster, layout_cave_pods, dpeg_slime_entry_corner,
          grunt_forest_small_clearings
Spider:1: nicolae_spider_broodchamber, drop_trap,
          nicolae_spider_twisty_arc_passages, uniq_jorgrun
Spider:2: layout_spider_delve
Spider:3: layout_spider_delve, nicolae_spider_some_kinda_spiderbox
Orc:1:    layout_caves, david_defended_altar_orc
Orc:2:    pf_orc_diabolical, layout_diamond_mine, serial_shops, bzr_entry_islet,
          nicolae_shop_tiny_glass, nicolae_orc_tapped_out

Skill      XL: |  1  2  3  4  5  6  7  8  9 10 11 12 13 14 15 16 17 |
---------------+----------------------------------------------------+-----
Maces & Flails | 2 3 4 5 6 8 9 10 11 12 13 14 | 14.5
Fighting       | 3 5 6 7 8 9 10 11 | 11.5
Shields        | 3 5 6 7 8 9 11 | 11.3
Armour         | 3 4 5 6 7 8 9 10 12 | 12.4
Invocations    | 3 5 7 8 11 12 13 14 | 14.0
Dodging        | 1 5 7 8 9 |  9.1

Action                     |  1- 3 |  4- 6 |  7- 9 | 10-12 | 13-15 | 16-18 || total
---------------------------+-------+-------+-------+-------+-------+-------++-------
  Melee: Flail             |    77 |    13 |   246 |   748 |   311 |       ||  1395
         Bite              |    21 |    35 |    96 |   288 |   670 |   395 ||  1505
         Mace              |       |   187 |    70 |       |       |       ||   257
         Demon whip        |       |       |       |       |  1352 |   846 ||  2198
  Throw: Dart              |       |     5 |    10 |    17 |     6 |       ||    38
 Invoke: Greater Servant o |       |       |       |       |       |     1 ||     1
  Evoke: Wand              |       |       |     3 |       |     2 |       ||     5
    Use: Scroll            |       |    11 |     3 |     6 |    11 |     5 ||    36
         Potion            |       |       |     1 |       |     2 |     4 ||     7
   Stab: Petrified         |       |       |       |       |       |     3 ||     3
 Armour: Scale mail        |    73 |    22 |       |       |       |       ||    95
         Chain mail        |       |    68 |   115 |       |       |       ||   183
         Plate armour      |       |       |   112 |   475 |   453 |       ||  1040
         Acid dragon scale |       |       |       |       |   193 |       ||   193
         Gold dragon scale |       |       |       |       |    52 |   601 ||   653
  Dodge: Dodged            |    46 |   102 |   194 |   276 |   494 |   358 ||  1470
  Block: Buckler           |    19 |    35 |    67 |    83 |       |       ||   204
         Kite shield       |       |       |       |   155 |   603 |   511 ||  1269
